 Dungeon Crawl Stone Soup version 0.31-b1-17-gcfd88c8481 (webtiles) character file.

Game seed: 7207717561440421406

330 hawla the Firebug (level 6, 0/48 HPs)
             Began as a Deep Elf Fire Elementalist on Jan 15, 2024.
             Slain by a quasit (2 damage)
             ... summoned by Eustachio
             ... on level 4 of the Dungeon.
             The game lasted 00:10:32 (3932 turns).

hawla the Firebug (Deep Elf Fire Elementalist)      Turns: 3932, Time: 00:10:33

Health: 0/48       AC: 23    Str:  5      XL:     6   Next: 26%
Magic:  11/14      EV:  2    Int: 22      God:
Gold:   158        SH:  0    Dex: 14 (15) Spells: 10/13 levels left

rFire   . . .        g - staff of earth
rCold   . . .        (no shield)
rNeg    . . .        a - melded +0 robe
rPois   +            (helmet currently unavailable)
rElec   .            (cloak currently unavailable)
rCorr   .            (gloves currently unavailable)
SInv    .            h - melded +0 pair of boots
Will    .....        (no amulet)
Stlth   ++           (no ring)
HPRegen 0.28/turn    (no ring)
MPRegen 0.14/turn

%: no passive effects
@: tree-form, weak-willed
A: stationary, stasis, torment immunity, boosted hp
a: no special abilities


You were on level 4 of the Dungeon.
You were a tree.
You visited 1 branch of the dungeon, and saw 4 of its levels.

You collected 227 gold pieces.
You spent 69 gold pieces at shops.

Inventory:

Armour
 a - a +0 robe (melded)
 h - a +0 pair of boots (melded)
Magical Staves
 g - a staff of earth (weapon)
Scrolls
 j - 4 scrolls of torment
 k - a scroll of fog
 m - a scroll of enchant armour {unknown}
 o - a scroll of teleportation {unknown}
 q - 2 scrolls of blinking {unknown}
 s - a scroll of identify
Potions
 b - a potion of magic
 f - a potion of enlightenment
 i - a potion of mutation
 l - a potion of resistance
 p - a potion of lignification


   Skills:
 + Level 0.2 Fighting
 + Level 0.3 Staves
 + Level 3.3 Dodging
 + Level 2.9 Stealth
 + Level 4.3 Spellcasting
 + Level 1.7 Conjurations
 + Level 4.6 Fire Magic
 + Level 3.0 Earth Magic
 + Level 3.0 Evocations


You had 10 spell levels left.
You knew the following spells:

 Your Spells              Type           Power      Damage    Failure   Level
a - Foxfire               Conj/Fire      72%        2x1d7     3%          1
b - Scorch                Fire           48%        2d7       2%          2

Your spell library contained the following spells:

 Spells                   Type           Power      Damage    Failure   Level
 Magic Dart               Conj           48%        1d5       5%          1
 Searing Ray              Conj           24%        2d5       9%          2
 Inner Flame              Hex/Fire       14%        N/A       13%         3
 Volatile Blastmotes      Fire/Tloc      28%        2d12      13%         3
 Flame Wave               Conj/Fire      18%        2d7       30%         4
 Ignite Poison            Fire/Alch      14%        N/A       38%         4
 Sticky Flame             Fire/Alch      14%        2d5       38%         4
 Fulminant Prism          Conj/Alch      4%         3d5       58%         4
 Plasma Beam              Fire/Air       7%         2x1d17    100%        6
 Ignition                 Fire           12%        3d6       100%        8
 Lehudib's Crystal Spear  Conj/Erth      11%        10d4      100%        8


Dungeon Overview and Level Annotations

Branches:
Dungeon (4/15)
 Temple: D:4-7

Altars:
Ru
Trog
Wu Jian
Xom

Shops:
D:1 *

Annotations:
D:4 Eustachio


Message History

The bat hits you but does no damage.
You barely miss Eustachio.
Eustachio is severely wounded.
Eustachio gestures wildly while chanting.
The bat hits you but does no damage. Eustachio hits you but does no damage.
You closely miss Eustachio.
Eustachio is heavily wounded.
The bat hits you but does no damage.
Eustachio casts a spell.
Magic courses through your body.
The quasit disappears in a puff of smoke!
The bat hits you but does no damage. Eustachio hits you but does no damage.
The white imp hits you but does no damage.
Casting: Foxfire (safe; 3% risk of failure)
Confirm with . or Enter, or press ? or * to list all spells.
You conjure some foxfire!
The bat hits you but does no damage. x3
The quasit bites you but does no damage.
The quasit claws you but does no damage. x2
Eustachio hits you but does no damage.
The white imp hits you but does no damage.
Casting: Foxfire (safe; 3% risk of failure)
Confirm with . or Enter, or press ? or * to list all spells.
Flames lash the bat.
You kill the bat!
The bat's corpse disappears in a puff of smoke!
The foxfire hits the white imp.
The white imp is lightly wounded.
The foxfire hits the white imp.
The white imp is burned terribly!
The white imp is heavily wounded.
The quasit bites you.
* * * LOW HITPOINT WARNING * * *
You feel clumsy.
The quasit claws you but does no damage. x2
Eustachio hits you but does no damage.
The white imp hits you but does no damage.
Casting: Scorch (safe; 2% risk of failure)
Confirm with . or Enter, or press ? or * to list all spells.
You conjure some foxfire!
The quasit completely misses you. The quasit claws you.
You die...

#######.##.........## ..
.....................
.........§....###.#####<
.'#######'...# #.#####.
#...#...#v..# #.......
#...#...#...# #.######
#..§.[..#...# #.#
###§v§###...###'####
#..§5♣v§#..........#
#..§#5@.#..........#
#(..#5§.#..........#
.'#######+..........#
... ............# ..
###<.........#
#..........#
#..........#


You could see Eustachio (weak-willed), a quasit (summoned, ally target) and 2
white imps.

Vanquished Creatures
  An ogre (D:4)
  2 orc wizards (D:4)
  4 gnolls (D:3)
  4 adders
  2 ribbon worms (D:2)
  4 dart slugs
  5 orcs
  14 ball pythons
  10 endoplasms
  3 giant cockroaches
  12 goblins
  11 hobgoblins
  4 jackals (D:3)
  2 quokkas
  5 bats
  4 frilled lizards
  14 kobolds
  7 rats
108 creatures vanquished.

Vanquished Creatures (others)
  239 foxfires
239 creatures vanquished.

Grand Total: 347 creatures vanquished

Notes
Turn   | Place    | Note
-------+----------+-------------------------------------------
     0 | D:1      | hawla the Deep Elf Fire Elementalist began the quest for
                  | the Orb.
     0 | D:1      | Reached XP level 1. HP: 10/10 MP: 6/6
   176 | D:1      | Reached XP level 2. HP: 15/15 MP: 4/8
   444 | D:1      | Noticed a great orb of eyes
   445 | D:1      | Found a faded altar of an unknown god.
   448 | D:1      | Noticed a shining eye
   448 | D:1      | Noticed a shining eye
   448 | D:1      | Noticed a glass eye
   669 | D:1      | Found Futazusch's Assorted Antiques.
   675 | D:1      | Bought a sedimented grey potion for 21 gold pieces
   675 | D:1      | Bought a scroll labelled LIUDDIHESK for 24 gold pieces
   675 | D:1      | Bought a scroll labelled HILECI GEE for 24 gold pieces
   847 | D:1      | Reached XP level 3. HP: 15/19 MP: 7/10
  1180 | D:2      | Reached skill level 1 in Earth Magic
  1180 | D:2      | Reached skill level 1 in Evocations
  1213 | D:2      | Learned a level 2 spell: Scorch
  1378 | D:2      | Reached XP level 4. HP: 24/24 MP: 7/11
  1450 | D:2      | Got Sif Muna's Directory of Gritty Fever
  2426 | D:3      | Reached XP level 5. HP: 14/28 MP: 3/12
  3441 | D:4      | Found a bloodstained altar of Trog.
  3454 | D:4      | Found an ornate altar of the Wu Jian Council.
  3455 | D:4      | Noticed an ogre
  3456 | D:4      | Found a shimmering altar of Xom.
  3462 | D:4      | Killed an ogre
  3608 | D:4      | Reached XP level 6. HP: 32/32 MP: 0/14
  3888 | D:4      | Found a sacrificial altar of Ru.
  3901 | D:4      | Noticed Eustachio
  3918 | D:4      | HP: 1/48 [Eustachio/+3 rapier (3)]
  3931 | D:4      | HP: 2/48 [quasit[Eustachio] (2)]
  3932 | D:4      | Slain by a quasit

Illustrated notes

Levels and vault maps discovered:
D:1:      lightli_arrival_statue_moat, layout_loops_cross,
          hellmonk_ecumenical_altar_watching_god, serial_shops, shop,
          minivault_25
D:2:      layout_loops_ring
D:3:      minmay_razor_zed, layout_loops_cross, minmay_crystal_water
D:4:      layout_basic, nicolae_ru_great_annihilating_truth,
          grunt_temple_overflow_open, uniq_eustachio

Skill      XL: |  1  2  3  4  5 |
---------------+----------------+-----
Fire Magic     | 4 |  4.6
Earth Magic    | 1 2 3 |  3.0
Evocations     | 1 2 3 |  3.0
Spellcasting   | 4 |  4.3
Dodging        | 3 |  3.3
Fighting       | |  0.2
Staves         | |  0.3
Stealth        | |  2.9
Conjurations   | |  1.7

Action                     |  1- 3 |  4- 6 || total
---------------------------+-------+-------++-------
  Melee: Unarmed           |    11 |       ||    11
         Staff             |    36 |    75 ||   111
         Punch             |     1 |       ||     1
   Cast: Foxfire           |    60 |    81 ||   141
         Scorch            |     1 |    22 ||    23
    Use: Potion            |       |     9 ||     9
         Scroll            |       |     7 ||     7
   Stab: Sleeping          |       |     3 ||     3
 Armour: Robe              |    41 |    51 ||    92
         Skin              |       |   118 ||   118
  Dodge: Dodged            |    43 |    69 ||   112
